Map: [ESL] NeoHumanity

Players

DnS

  • Race: Protoss Protoss
  • Spawn Location: 11:00

Elazer - Winner!

  • Race: Zerg Zerg
  • Spawn Location: 5:00

Event: ESL SC2 Masters 2023 Summer (Regionals)

VOD

Have the link to the VOD?

Description

Time

  • Played on: May 2, 2023, 11:40 a.m.
  • Length: 9:50

All games in this series

Show
View Real Time Build Order
Export as new Build Order

DnS Protoss 

Build Orders: 1 Gate Expand, Oracle Opening 

Get SALT Encoding   

  12  0:00  Probe  
  13  0:12  Probe  
  14  0:19  Pylon  
  14  0:24  Probe  
  15  0:38  Probe (Chrono Boost)  
  15  0:40  Gateway  
  16  0:46  Probe (Chrono Boost)  
  16  0:49  Assimilator  
  17  0:52  Probe  
  18  1:04  Probe  
  19  1:16  Probe  
  20  1:27  Nexus  
  20  1:37  Cybernetics Core  
  20  1:39  Probe  
  21  1:48  Assimilator  
  21  1:51  Probe  
  22  1:55  Pylon  
  22  2:03  Probe (Chrono Boost)  
  23  2:11  Adept (Chrono Boost)  
  26  2:16  Probe (Chrono Boost)  
  26  2:20  Stargate  
  26  2:23  Probe (Chrono Boost)  
  26  2:27  Warp Gate  
  27  2:31  Probe (Chrono Boost)  
  28  2:37  Stalker  
  28  2:40  Probe (Chrono Boost)  
  32  2:48  Probe (Chrono Boost)  
  32  2:49  Probe (Chrono Boost)  
  33  2:54  Probe x2 (Chrono Boost)  
  35  3:01  Oracle (Chrono Boost)  
  38  3:06  Probe  
  38  3:07  Probe  
  38  3:10  Pylon  
  40  3:18  Probe  
  40  3:19  Probe  
  42  3:30  Probe  
  42  3:31  Probe  
  44  3:34  Oracle (Chrono Boost)  
  44  3:40  Nexus  
  47  3:43  Probe  
  47  3:44  Probe  
  49  3:51  Pylon  
  49  3:53  Pylon  
  49  3:56  Probe x2  
  49  3:59  Gateway  
  51  4:03  Assimilator  
  51  4:05  Assimilator  
  51  4:08  Probe x2  
  53  4:11  Oracle  
  56  4:20  Probe, Adept  
  56  4:21  Probe  
  60  4:32  Probe  
  60  4:33  Probe (Chrono Boost)  
  62  4:40  Twilight Council  
  62  4:41  Forge  
  64  4:45  Probe (Chrono Boost)  
  64  4:47  Pylon  
  64  4:50  Probe (Chrono Boost)  
  65  4:54  Probe (Chrono Boost)  
  65  4:55  Probe (Chrono Boost)  
  65  4:56  Stalker x2  
  65  4:59  Probe (Chrono Boost)  
  71  5:03  Probe (Chrono Boost)  
  71  5:04  Protoss Ground Weapons Level 1  
  71  5:06  Probe x2 (Chrono Boost)  
  74  5:09  Probe (Chrono Boost), Blink (Chrono Boost)  
  74  5:12  Probe (Chrono Boost)  
  74  5:13  Probe  
  76  5:19  Probe  
  76  5:20  Stalker x2  
  78  5:24  Probe  
  78  5:28  Gateway  
  79  5:32  Gateway  
  79  5:33  Gateway  
  79  5:35  Probe  
  79  5:36  Gateway  
  79  5:37  Probe  
  79  5:39  Probe  
  82  5:48  Probe, Stalker  
  85  5:54  Stalker  
  84  5:58  Probe x2  
  84  6:00  Probe, Assimilator x2  
  84  6:01  Photon Cannon  
  84  6:03  Shield Battery  
  87  6:04  Pylon  
  87  6:05  Pylon  
  87  6:07  Robotics Facility  
  87  6:10  Probe x2  
  89  6:16  Stalker  
  91  6:21  Stalker  
  93  6:26  Stalker x2  
  93  6:31  Pylon  
  97  6:33  Templar Archives  
  97  6:37  Stalker  
  97  6:38  Stalker  
  101  6:40  Nexus  
  101  6:43  Pylon  
  101  6:46  Pylon  
  101  6:53  Probe x3  
  104  6:55  Observer (Chrono Boost)  
  104  6:59  Pylon  
  104  7:00  Psionic Storm  
  105  7:05  Probe x3  
  108  7:09  Charge, Protoss Ground Weapons Level 2  
  110  7:16  Stalker x5  
  111  7:31  Probe x2, High Templar  
  110  7:44  Stalker x4  
  110  7:45  Void Ray  
  110  7:47  Probe  
  110  7:49  Pylon  
  107  7:59  Probe x4  
  101  8:08  Stalker x3  
  89  8:15  Zealot, Stalker  
  89  8:18  Probe  
  89  8:19  Probe x2  
  89  8:29  Immortal (Chrono Boost)  
  91  8:40  Zealot x3  
  96  8:46  Pylon  
  96  8:59  Zealot x2  
  96  9:05  Stalker  
  96  9:06  Stalker x2  
  90  9:12  Probe x2  
  88  9:17  Probe x2  
  88  9:18  Immortal (Chrono Boost)  
  88  9:20  Zealot x2  
  92  9:27  Stalker  
  92  9:30  Zealot x3  
  89  9:31  Probe x2  
  74  9:42  Zealot x2  
Show
View Real Time Build Order
Export as new Build Order

Elazer Zerg - Winner!

Build Orders: Hatch First 

Get SALT Encoding   

  12  0:00  Drone  
  13  0:12  Overlord  
  13  0:16  Drone  
  14  0:30  Drone x2  
  16  0:47  Hatchery  
  15  0:51  Drone  
  15  0:54  Drone  
  17  0:58  Drone  
  18  1:09  Extractor  
  17  1:16  Spawning Pool  
  17  1:18  Drone  
  17  1:21  Drone  
  18  1:28  Drone  
  19  1:40  Drone  
  20  1:51  Overlord  
  20  2:03  Queen x2, Zergling x2  
  20  2:04  Drone  
  26  2:13  Drone, Metabolic Boost  
  26  2:14  Zergling x2  
  28  2:22  Drone, Zergling x2  
  30  2:31  Drone  
  30  2:33  Drone  
  32  2:38  Queen  
  34  2:49  Hatchery  
  33  2:53  Overlord  
  33  2:57  Drone x2  
  35  3:05  Overlord  
  35  3:06  Drone  
  35  3:11  Queen  
  35  3:12  Drone  
  39  3:15  Drone  
  39  3:17  Drone  
  41  3:21  Queen  
  41  3:25  Drone  
  44  3:30  Drone  
  44  3:31  Drone x3  
  48  3:41  Overlord  
  48  3:43  Drone  
  48  3:47  Drone x3  
  52  3:56  Drone, Spore Crawler  
  52  3:59  Queen  
  54  4:03  Overlord  
  54  4:07  Drone x4  
  54  4:09  Drone  
  59  4:14  Drone  
  59  4:16  Queen  
  62  4:21  Drone x4  
  66  4:29  Overlord  
  66  4:30  Drone x2  
  66  4:35  Drone x6  
  70  4:42  Overlord  
  70  4:43  Drone  
  71  4:47  Zergling x4  
  71  4:52  Zergling x2  
  73  4:54  Zergling x2  
  73  4:58  Hatchery  
  73  4:59  Overlord  
  72  5:00  Drone  
  72  5:01  Zergling x6, Evolution Chamber  
  75  5:13  Overlord  
  74  5:16  Drone x5  
  74  5:18  Lair  
  78  5:23  Drone x5  
  78  5:24  Roach Warren  
  78  5:28  Zerg Missile Weapons Level 1, Overlord  
  82  5:31  Extractor x2  
  80  5:35  Drone x5  
  80  5:41  Overlord  
  85  5:46  Unknown  
  84  5:50  Zergling x10  
  84  5:53  Overlord  
  84  5:57  Zergling x6  
  87  6:05  Drone, Spore Crawler x2  
  86  6:12  Roach x7  
  86  6:16  Overseer  
  86  6:18  Glial Reconstitution  
  100  6:19  Overlord  
  100  6:27  Overlord  
  100  6:30  Overlord x2  
  100  6:32  Drone x7  
  106  6:33  Drone  
  106  6:39  Roach  
  109  6:46  Roach x6  
  109  6:47  Roach x2  
  125  6:49  Overlord  
  125  6:50  Roach x4  
  125  6:51  Roach x2  
  137  6:55  Roach x2  
  141  7:02  Roach x3  
  147  7:11  Roach x5  
  147  7:12  Hatchery  
  152  7:25  Roach x10  
  169  7:33  Zergling x10  
  161  7:40  Zergling x6  
  155  7:46  Zergling x16  
  155  7:51  Overlord  
  161  7:53  Zergling x6  
  150  8:02  Zergling x8  
  138  8:08  Roach x2  
  131  8:15  Roach x5  
  140  8:21  Ravager x5  
  140  8:24  Zergling x2  
  140  8:25  Zergling x20  
  142  8:35  Zergling x10  
  139  8:43  Zergling x12  
  139  8:48  Zergling x8  
  138  8:57  Zergling x20  
  145  9:07  Zergling x4  
  145  9:08  Zergling x4  
  138  9:13  Roach  
  138  9:14  Roach x5  
  139  9:17  Roach  
  139  9:24  Zergling x22  
  151  9:28  Zergling x4  
  148  9:32  Overlord  
Tags
 
Add a new tag
Caveats
  • Supply blocks, unpowered buildings, or Contaminate may cause inaccurate times.
  • Supply counts are checked every 10 seconds.